 Dungeon Crawl Stone Soup version 0.31-a0-632-g766dd24fdf (webtiles) character file.

Game seed: 15310476642365994228

49 RepHenryClay the Ruffian (level 3, -6/36 HPs)
             Began as a Troll Delver on Aug 26, 2023.
             Mangled by a gnoll
             ... wielding a +0 flail of protection
             ... led by a gnoll bouda
              (13 damage)
             ... on level 5 of the Dungeon.
             The game lasted 00:00:22 (36 turns).

RepHenryClay the Ruffian (Troll Delver)               Turns: 36, Time: 00:00:23

Health: -6/36      AC:  4    Str: 22    XL:     3   Next: 51%
Magic:  2/2        EV: 10    Int:  6    God:
Gold:   17         SH:  0    Dex: 11    Spells: 2/2 levels left

rFire   . .          .
                       - Unarmed
rCold   . . .        (no shield)
rNeg    . . .        a - +0 robe
rPois   .            (helmet restricted)
rElec   .            (no cloak)
rCorr   .            (gloves unavailable)
SInv    .            (boots unavailable)
Will    .....        (no amulet)
Stlth   ++           (no ring)
HPRegen 1.06/turn    (no ring)
MPRegen 0.08/turn

%: no passive effects
@: no status effects
A: large, unfitting armour, claws 3, regeneration 1, shaggy fur 1, tough skin 1
a: no special abilities


You were on level 5 of the Dungeon.
You visited 1 branch of the dungeon, and saw 1 of its levels.

You collected 17 gold pieces.

Inventory:

Armour
 a - a +0 robe (worn)
Wands
 f - a wand of digging (3)
Scrolls
 b - a scroll of fog
 c - a scroll of revelation
 d - a scroll of fear
Potions
 e - a potion of haste


   Skills:
 - Level 2.4 Fighting
 + Level 2.5 Dodging
 - Level 2.7 Stealth
 + Level 3.1 Unarmed Combat


You had 2 spell levels left.
You didn't know any spells.
Your spell library was empty.

Dungeon Overview and Level Annotations

Branches:
Dungeon (5/15)
 Temple: D:4-7

Altars:


Innate Abilities, Weirdness & Mutations

You are too large for most types of armour.
You have claws for hands.
Your natural rate of healing is unusually fast.
You are covered in fur. (AC +1)
You have tough skin. (AC +1)


Message History

You scratch the gnoll bouda but do no damage.
You claw the gnoll bouda!
The gnoll bouda is heavily wounded.
The gnoll bouda hits you with a +0 club!
* * * LOW HITPOINT WARNING * * *
Huge Dmg: -21%(-6hp) hp: 21%(6hp)
You claw the gnoll bouda!
The gnoll bouda is almost dead.
The gnoll bouda hits you with a +0 club.
* * * LOW HITPOINT WARNING * * *
Huge Dmg: -7%(-2hp) hp: 14%(4hp)
You closely miss the gnoll bouda.
The gnoll bouda is almost dead.
The gnoll bouda hits you with a +0 club.
* * * LOW HITPOINT WARNING * * *
Huge Dmg: -7%(-2hp) hp: 7%(2hp)
Okay, then.
You claw the gnoll bouda!
You kill the gnoll bouda!
Your Unarmed Combat skill increases to level 3!
You have reached level 3!
Your experience leads to an increase in your attributes!
Increase (S)trength, (I)ntelligence, or (D)exterity?
You feel stronger. x3
Unknown command.
You closely miss the gnoll.
The gnoll is severely wounded.
The gnoll barely misses you.
You barely miss the gnoll.
The gnoll is severely wounded.
The gnoll hits you but does no damage.
The gnoll shouts!
You claw the gnoll!
You kill the gnoll!
You hear a shout!
Unknown command.
You scratch the gnoll.
The gnoll is moderately wounded.
The gnoll hits you with a +0 flail of protection!
You die...

##### #..^#
#...# +...+
##.>.######
+.........#
######..#.#
+..@gg..#.#
######.##.#
#....#####
#.........
#g$.......
#.........
..........
..g........
............


You could see 2 gnolls.

Vanquished Creatures
  A gnoll bouda (D:5)
  2 gnolls (D:5)
3 creatures vanquished.

Notes
Turn   | Place    | Note
-------+----------+-------------------------------------------
     0 | D:5      | RepHenryClay the Troll Delver began the quest for the Orb.
     0 | D:5      | Reached XP level 1. HP: 22/22 MP: 0/0
    10 | D:5      | Noticed a gnoll bouda
    23 | D:5      | Reached XP level 2. HP: 15/29 MP: 1/1
    33 | D:5      | Reached skill level 3 in Unarmed Combat
    33 | D:5      | Reached XP level 3. HP: 3/36 MP: 2/2
    36 | D:5      | Mangled by a gnoll

Illustrated notes

Levels and vault maps discovered:
D:5:      kennysheep_spiral_hall, layout_basic

Skill      XL: |  1  2 |
---------------+-------+-----
Dodging        | 2 |  2.5
Unarmed Combat | 3 |  3.1
Fighting       | |  2.4
Stealth        | |  2.7

Action                     || total
---------------------------++-------
  Melee: Unarmed           ||    18
 Armour: Robe              ||     3
  Dodge: Dodged            ||     3

Table legend: (Time is in decaauts)
 A = Elapsed time spent in this place.
 B = Non-inter-level travel time spent in this place.
 C = Inter-level travel time spent in this place.
 D = Time resting spent in this place.
 E = Time spent auto-exploring this place.
 F = Levels seen in this place.
 G = Mean time per level.
                   A        B        C        D        E       F      G
               +--------+--------+--------+--------+--------+-----+--------+
         Total |     35 |     35 |      0 |      0 |     10 |   1 |   35.0 |
       Dungeon |     35 |     35 |      0 |      0 |     10 |   1 |   35.0 |
               +--------+--------+--------+--------+--------+-----+--------+

Top non-repeatable levels by time:
     D:5: 35 daAuts
